 Dungeon Crawl Stone Soup version 0.30-a0-475-g03497ec522 (webtiles) character file.

Game seed: 10328195500388123729

4 flotson the Sneak (level 1, 0/18 HPs)
             Began as a Demonspawn Delver on Dec 21, 2022.
             Slain by an orc
             ... wielding a +0 war axe
              (6 damage)
             ... on level 3 of the Dungeon.
             The game lasted 00:00:47 (142 turns).

flotson the Sneak (Demonspawn Delver)                Turns: 142, Time: 00:00:48

Health: 0/18       AC:  5    Str: 12    XL:     1   Next: 50%
Magic:  1/1        EV: 10    Int: 11    God:
Gold:   26         SH:  0    Dex: 14    Spells: 0/0 levels left

rFire   . . .      SeeInvis .    a - +0 hand axe
rCold   . . .      Faith    .    (no shield)
rNeg    . . .      Spirit   .    h - +0 ring mail
rPois   .          Reflect  .    (no helmet)
rElec   .          Harm     .    (no cloak)
rCorr   .          Rampage  .    (no gloves)
Will    .....                    (no boots)
Stlth   ++........               (no amulet)
HPRegen 0.23/turn                (no ring)
MPRegen 0.07/turn                (no ring)

@: lethally poisoned (0 -> -2), hasted, very quick
A: no striking features
a: no special abilities


You were on level 3 of the Dungeon.
You visited 1 branch of the dungeon, and saw 3 of its levels.

You collected 26 gold pieces.

Inventory:

Hand Weapons
 a - a +0 hand axe (weapon)
Armour
 h - a +0 ring mail (worn)
Wands
 g - a wand of digging (3)
Scrolls
 c - a scroll of fog
 d - a scroll of magic mapping
 e - a scroll of fear
 i - a scroll of identify {unknown}
 j - a scroll of silence {unknown}
Potions
 b - a potion of magic {unknown}


   Skills:
 + Level 3.0 Fighting
 + Level 1.8 Axes
 + Level 0.1 Armour
 + Level 1.8 Dodging
 + Level 4.5 Stealth
 + Level 0.2 Evocations


You couldn't memorise any spells.
You didn't know any spells.
Your spell library contained the following spells:

 Spells                   Type           Power      Damage    Failure   Level
 Ozocubu's Armour         Ice            0%         N/A       94%         3
 Ozocubu's Refrigeration  Ice            0%         4d7       100%        7


Dungeon Overview and Level Annotations

Branches:
Dungeon (5/15)
 Temple: D:4-7

Altars:


Message History

You barely miss the adder. The adder barely misses you.
You hit the adder.
The adder is lightly wounded.
The adder barely misses you. The adder bites you but does no damage.
You closely miss the adder.
The adder is lightly wounded.
The adder bites you but does no damage.
You closely miss the adder.
The adder is lightly wounded.
The adder barely misses you.
An orc comes into view. It is wielding a +0 war axe.
The adder closely misses you.
You closely miss the adder.
The adder is lightly wounded.
The adder bites you.
You hit the adder.
The adder is lightly wounded.
The adder barely misses you. The adder bites you but does no damage.
You completely miss the adder.
The adder is lightly wounded.
The adder barely misses you. The orc hits you but does no damage.
You hit the adder.
The adder is heavily wounded.
You barely miss the orc. The adder bites you but does no damage.
The adder bites you. The orc hits you but does no damage.
You hit the adder but do no damage.
The adder is heavily wounded.
You closely miss the orc. The adder bites you.
You are poisoned.
The adder poisons you! The orc barely misses you.
The adder bites you but does no damage.
You hit the adder.
The adder is severely wounded.
You hit the orc.
You feel sick. The orc hits you with a +0 war axe.
The adder bites you but does no damage.
You are too injured to fight recklessly!
You are too injured to fight recklessly!
You feel yourself speed up.
You feel sick. The adder barely misses you. The orc hits you with a +0 war axe.
You die...

... ..... .
... ..... ..
#.# .... ...
#.##... #..
#.#..### #...
#.#....
#....#.S.###
#.....>@o..#
###....[##..#
#.....# #
#.....#
#.....#
#.....#
#.....#
......#


You could see an adder and an orc.

Vanquished Creatures
  An orc (D:3)
  An endoplasm (D:3)
  A ball python (D:4)
3 creatures vanquished.

Notes
Turn   | Place    | Note
-------+----------+-------------------------------------------
     0 | D:5      | flotson the Demonspawn Delver began the quest for the Orb.
     0 | D:5      | Reached XP level 1. HP: 18/18 MP: 1/1
   120 | D:4      | Noticed a phantom
   142 | D:3      | Slain by an orc

Illustrated notes

Levels and vault maps discovered:
D:3:      layout_basic, nicolae_uskayaw_en_pointe, nrook_uturn,
          minmay_checkerbox
D:4:      minmay_diamond_boxcup, layout_basic, ebering_ghost_gozag,
          minmay_cupped
D:5:      layout_cave_pools, kennysheep_mini

Action                   || total
-------------------------++-------
Melee: Hand axe          ||    14
  Use: Potion            ||     1
Armor: Ring mail         ||     9
Dodge: Dodged            ||     8

Table legend: (Time is in decaauts)
 A = Elapsed time spent in this place.
 B = Non-inter-level travel time spent in this place.
 C = Inter-level travel time spent in this place.
 D = Time resting spent in this place.
 E = Time spent auto-exploring this place.
 F = Levels seen in this place.
 G = Mean time per level.
                   A        B        C        D        E       F      G
               +--------+--------+--------+--------+--------+-----+--------+
         Total |    144 |    144 |      0 |      0 |     76 |   3 |   48.0 |
       Dungeon |    144 |    144 |      0 |      0 |     76 |   3 |   48.0 |
               +--------+--------+--------+--------+--------+-----+--------+

Top non-repeatable levels by time:
     D:5: 91 daAuts
     D:4: 36 daAuts
     D:3: 17 daAuts
